 Seeded DCSS version 0.27-a0-906-g0a00ce8 (webtiles) character file.

Game seed: 1100803720489727972 (custom seed)

283156 Illumine the Eclecticist (level 20, -7/151 HPs)
             Began as a Djinni Conjurer on Apr 5, 2021.
             Was the Champion of Makhleb.
             Killed from afar by a purple draconian knight (48 damage)
             ... with a bolt of cold
             ... on level 2 of the Vaults on Apr 6, 2021.
             The game lasted 02:21:11 (40593 turns).

Illumine the Eclecticist (Djinni Conjurer)         Turns: 40593, Time: 02:21:12

Health: -7/151     AC: 17    Str:  7    XL:     20   Next: 55%
Gold:   2206       EV: 17    Int: 31    God:    Makhleb [******] SH:  9 Dex:  9

rFire    + . .     SeeInvis .   q - +11 scimitar of Dung {elec, rF- rN+ Int+5 Dex-5}
rCold    . . .     Faith    .   Z - +3 warlock's mirror {reflect}
rNeg     + . .     Spirit   .   G - +5 ring mail of Fashionability {+Blink}
rPois    ∞         Reflect  +   X - +2 hood of the Assassin {Detection Stab+ Stlth++}
rElec    .         Harm     .   (no cloak)
rCorr    .         Rampage  .   f - +2 pair of gloves {archery}
Will     ++...                  (boots unavailable)
Stlth    +++.......             O - amulet of regeneration
HPRegen  1.35/turn              m - +4 ring of evasion
MPRegen  0.00/turn              Q - ring of protection from cold

@: flying
A: fire resistance 2, cold vulnerability 1, float, innate caster, hp casting,
extra vitality 1
}: 2/15 runes: serpentine, barnacled
a: Renounce Religion, Evoke Blink, Minor Destruction, Lesser Servant of Makhleb,
Major Destruction, Greater Servant of Makhleb


You were on level 2 of the Vaults.
You worshipped Makhleb.
Makhleb was exalted by your worship.
You visited 7 branches of the dungeon, and saw 34 of its levels.
You also visited: Ossuary, Bailey and Ice Cave.

You collected 3066 gold pieces.
You spent 860 gold pieces at shops.

Inventory:

Hand Weapons
 b - a +2 demon blade of draining
 q - the +11 scimitar of Dung (weapon) {elec, rF- rN+ Int+5 Dex-5}
   (You found it on level 4 of the Shoals)

   Occasionally, upon striking a foe, it can discharge electrical energy and
   cause terrible harm.
   It affects your intelligence (+5).
   It affects your dexterity (-5).
   It makes you vulnerable to fire.
   It protects you from negative energy.
Armour
 f - a +2 pair of gloves of archery (worn)
 z - +2 fire dragon scales
 F - the +6 tower shield of the Sun {Rampage Str-4 Int+2}
   (You found it on level 7 of the Dungeon)

   It affects your strength (-4).
   It affects your intelligence (+2).
   It bestows one free step when moving towards enemies.
 G - the +5 ring mail of Fashionability (worn) {+Blink}
   (You found it on level 6 of the Lair of Beasts)

   It lets you blink.
 X - the +2 hood of the Assassin (worn) {Detection Stab+ Stlth++}
   (You found it on level 6 of the Lair of Beasts)

   It makes you much more stealthy.
 Z - the +3 warlock's mirror (worn) {reflect}
   (You found it on level 12 of the Dungeon)
Magical Staves
 a - a staff of conjuration
Jewellery
 l - a ring of positive energy
 m - a +4 ring of evasion (left hand)
 u - a ring of ice
 y - a ring of protection from fire
 K - a +6 ring of strength
 O - an amulet of regeneration (around neck)
 Q - a ring of protection from cold (right hand)
Wands
 c - a wand of acid (18)
 e - a wand of charming (28)
 h - a wand of mindburst (38)
 s - a wand of digging (15)
 t - a wand of random effects (89)
 M - a wand of paralysis (29)
 U - a wand of iceblast (17)
 W - a wand of flame (58)
Scrolls
 k - a scroll of brand weapon {unknown}
 o - 6 scrolls of magic mapping
 x - 2 scrolls of torment
 B - 6 scrolls of immolation
 C - 3 scrolls of holy word
 D - 4 scrolls of fear
 E - 6 scrolls of fog
 I - a scroll of amnesia {unknown}
 L - 4 scrolls of vulnerability
 R - a scroll of silence {unknown}
 T - 5 scrolls of enchant armour
 V - 10 scrolls of teleportation
 Y - a scroll of blinking {unknown}
Potions
 d - 7 potions of brilliance
 g - 2 potions of attraction {unknown}
 i - a potion of resistance
 j - 17 potions of curing
 n - 5 potions of lignification
 p - 3 potions of cancellation
 r - 3 potions of ambrosia
 w - 5 potions of haste
 A - 4 potions of might
 H - 3 potions of heal wounds
 J - 3 potions of invisibility
 N - 6 potions of mutation
 S - a potion of berserk rage {unknown}


   Skills:
 + Level 16.1 Fighting
 - Level 14.0 Long Blades
 - Level 0.3 Bows
 - Level 10.0 Armour
 + Level 15.5 Dodging
 - Level 1.5 Stealth
 - Level 10.0 Shields
 + Level 16.5 Spellcasting
 + Level 11.1 Invocations
 - Level 3.8 Evocations


You had 2 spell levels left.
You knew the following spells:

 Your Spells              Type           Power      Damage    Failure   Level
a - Magic Dart            Conj           100%       1d8       0%          1
b - Searing Ray           Conj           100%       3d7       0%          2
c - Dazzling Flash        Conj/Hex       100%       N/A       0%          3
d - Fulminant Prism       Conj/Hex       45%        3d21      1%          4
e - Iskenderun's Mystic   Conj/Tloc      91%        2d18      1%          4
f - Freeze                Ice            100%       1d11      0%          1
g - Ensorcelled Hibernat  Hex/Ice        100%       N/A       0%          2
h - Corpse Rot            Necr/Air       N/A        N/A       0%          2
i - Vampiric Draining     Necr           45%        2d12      0%          3
j - Airstrike             Air            45%        N/A       1%          4
k - Agony                 Necr           91%        N/A       1%          5
l - Conjure Ball Lightni  Conj/Air       45%        3x3d16    1%          6
m - Freezing Cloud        Conj/Ice/Air   45%        6-21      1%          6
n - Summon Hydra          Summ           45%        N/A       4%          7
Your spell library was empty.

Dungeon Overview and Level Annotations

Branches:
Dungeon (15/15)            Temple (1/1) D:4            Lair (6/6) D:10
 Shoals (4/4) Lair:3        Snake (4/4) Lair:2        Slime (0/5) Lair:6
    Orc (2/2) D:10            Elf (0/3) Orc:2        Vaults (2/5) D:14
 Depths (0/5) D:15        Ossuary (visited)          Bailey (visited)
  IceCv (visited)
  Crypt: Vaults:2-3

Altars:
Ashenzari
Cheibriados
Dithmenos
Elyvilon
Fedhas
Gozag
Hepliaklqana
Kikubaaqudgha
Makhleb
Nemelex Xobeh
Okawaru
Qazlal
Ru
Sif Muna
Trog
Uskayaw
Vehumet
Wu Jian
Xom
Yredelemnul
Zin
The Shining One
Jiyva

Shops:
D:7 ?   D:8 !   Orc:2 *?([   Shoals:1 [   Snake:3 *:   Vaults:2 (

Annotations:
D:12 exclusion: obsidian statue


Innate Abilities, Weirdness & Mutations

You are immune to poison.
Your flesh is very heat resistant. (rF++)
You are vulnerable to cold. (rC-)
You float through the air rather than walking.
You learn spells naturally, not from books.
Your magical power is your life essence.
You have superior vitality. (+4 HP)


Message History

You can't see any susceptible monsters within range! (Use Z to cast anyway.) Unknown command.
Really fly into that cloud of freezing vapour? [Y]es or [N]o only, please.
Really fly into that cloud of freezing vapour?
Okay, then.
Really fly into that cloud of freezing vapour?
You closely miss something. Something completely misses you.
Really fly into that cloud of freezing vapour?
Okay, then.
Casting: Freezing Cloud (mildly dangerous; 1% risk of failure)
Confirm with . or Enter, or press ? or * to list all spells.
You can't see any susceptible monsters within range! (Use Z to cast anyway.) Unknown command.
Casting: Freezing Cloud (mildly dangerous; 1% risk of failure)
Confirm with . or Enter, or press ? or * to list all spells.
You erupt in a blast of force!
The mystic blast hits something but does no damage.
Something hits you!
Unknown command.
Casting: Iskenderun's Mystic Blast (safe; 1% risk of failure)
Confirm with . or Enter, or press ? or * to list all spells.
You erupt in a blast of force!
The mystic blast hits something but does no damage.
You hear some strange, mumbled words.
A bolt of cold appears from out of thin air!
The bolt of cold hits you!!
Casting: Iskenderun's Mystic Blast (safe; 1% risk of failure)
Confirm with . or Enter, or press ? or * to list all spells.
You erupt in a blast of force!
The mystic blast hits something!
* * * LOW HITPOINT WARNING * * *
Unknown command.
Casting: Iskenderun's Mystic Blast (safe; 1% risk of failure)
Confirm with . or Enter, or press ? or * to list all spells.
You erupt in a blast of force!
* * * LOW HITPOINT WARNING * * *
You hear some strange, mumbled words.
A bolt of cold appears from out of thin air!
The bolt of cold hits you!!!
You die...

############
##########..........#
#........#..........#
#........#..........#
#........#...§......#
#......∩.'...§§§§...#
#........'...@§§§§{.#
##
#........########'#####
##. ##)########
#......# ##.. #).# .
#......# #..# #.)# ..
#.){...# #.## ##..## ##
#...>..# #.#.
##.)..#### (# #......#
#.#. .........# .###.
#......# #.#.
.........#
.....{#))....# #.#.


There were no monsters in sight!

Vanquished Creatures
  Vashnia (Snake:2)
  Frederick (Vaults:2)
  Nikola (Snake:2)
  A kraken (Shoals:4)
  Gastronok (D:8)
  Agnes (Vaults:2)
  A sphinx (Vaults:1)
  6 nagarajas
  Aizul (Snake:1)
  A draconian knight (Vaults:2)
  3 vault wardens
  3 ironbound preservers (Vaults:1)
  2 stone giants
  A vampire knight (Vaults:2)
  Nessos (Lair:5)
  A salamander tyrant (Snake:3)
  An ettin (D:15)
  Snorg (Lair:4)
  2 merfolk javelineers (Shoals:4)
  5 merfolk impalers
  3 yaktaur captains
  A fire dragon (D:14)
  A rakshasa (D:15)
  3 ironbound thunderhulks
  7 boulder beetles
  3 merfolk avatars
  18 naga warriors
  6 hydras
  A catoblepas (Lair:6)
  2 ogre magi (Orc:2)
  2 death knights
  6 vault guards
  23 centaur warriors
  An ironbound frostheart (Vaults:2)
  12 two-headed ogres
  3 satyrs
  4 merfolk aquamancers
  8 anacondas
  A deep troll shaman (Lair:6)
  3 tengu warriors (D:15)
  6 shock serpents
  12 death yaks
  A hell knight (D:15)
  2 ironbound beastmasters (Vaults:1)
  Sonja (Lair:5)
  18 naga sharpshooters
  2 salamander mystics
  7 sea snakes
  3 skeletal warriors
  2 deep trolls
  6 naga ritualists
  10 ironbound convokers
  4 orc knights
  9 wizards
  A deep elf pyromancer (D:13)
  4 phantasmal warriors
  4 necromancers (D:14)
  5 lindwurms
  49 ugly things
  24 harpies
  2 oklob plants (Lair:3)
  11 mana vipers
  10 cyclopes
  18 fauns
  14 manticores
  12 salamanders
  10 elephants (Lair:6)
  Joseph (Lair:1)
  5 vault sentinels
  5 merfolk sirens
  A guardian serpent (Snake:4)
  8 water nymphs
  28 naga magi
  3 ice statues (IceCv)
  A torpor snail (Lair:6)
  31 black mambas
  2 gargoyles
  Psyche (D:10)
  13 cane toads
  An unseen horror (D:11)
  3 rime drakes
  4 yaktaurs (Vaults:1)
  12 komodo dragons
  2 freezing wraiths
  A kobold demonologist (D:11)
  3 tengu conjurers
  A polar bear (Lair:5)
  A jumping spider (shapeshifter) (D:13)
  12 trolls
  21 merfolk
  13 blink frogs
  3 meliai (D:13)
  4 wind drakes
  Prince Ribbit (D:5)
  10 dream sheep
  15 slime creatures
  16 snapping turtles
  17 water elementals
  Sigmund (D:2)
  2 vampires
  6 wyverns
  3 basilisks
  3 wraiths
  A steam dragon (Lair:4)
  A human (shapeshifter) (D:14)
  35 yaks
  17 humans (D:14)
  A hog (shapeshifter) (D:13)
  Menkaure (D:5)
  43 nagas
  Edmund (D:5)
  4 vampire mosquitoes (D:15)
  A warg (D:15)
  Duvessa (D:4)
  3 acid dragons
  20 water moccasins
  11 orc warriors
  A sky beast (D:8)
  2 necrophages
  5 black bears
  14 ice beasts
  A boggart (Vaults:1)
  27 wolves
  8 centaurs
  22 ogres
  2 phantoms
  A kobold brigand (D:11)
  Blork the orc (D:5)
  6 bullfrogs
  2 scorpions
  Dowan (D:4)
  2 gnoll sergeants
  4 killer bees (D:9)
  8 wights (D:8)
  An electric eel (Lair:5)
  10 howler monkeys
  A bullfrog zombie (D:2)
  9 centaur zombies
  2 hounds
  A human zombie (Ossuary)
  7 orc priests
  A gnoll shaman (Orc:2)
  4 iguanas
  Terence (D:2)
  Natasha (thrice) (D:3)
  13 orc wizards
  An ogre zombie (Ossuary)
  7 mummies (Ossuary)
  35 gnolls
  14 adders
  A howler monkey skeleton (D:4)
  A shadow imp (D:8)
  2 white imps (D:7)
  3 adder zombies (Ossuary)
  A worm (D:9)
  A dart slug (D:2)
  38 orcs
  6 endoplasms
  2 giant cockroaches
  2 gnoll zombies (Ossuary)
  8 goblins
  15 hobgoblins
  9 jackals
  A quokka (D:1)
  10 ball pythons
  14 bats
  2 frilled lizards (D:1)
  5 goblin zombies (Ossuary)
  5 hobgoblin zombies (Ossuary)
  13 kobolds
  2 kobold zombies (Ossuary)
  4 quokka zombies (Ossuary)
  4 rats
  3 rat zombies (Ossuary)
  3 tentacles (Shoals:4)
1156 creatures vanquished.

Vanquished Creatures (collateral kills)
  A hydra (Lair:5)
  A wyvern (Lair:5)
  A ball lightning (Snake:4)
3 creatures vanquished.

Vanquished Creatures (others)
  An orc sorcerer (D:15)
  26 ball lightnings
  61 fulminant prisms
  61 fungi
  237 plants
  A tentacle (Shoals:4)
387 creatures vanquished.

Grand Total: 1546 creatures vanquished

Notes
Turn   | Place    | Note
-------+----------+-------------------------------------------
     0 | D:1      | Illumine the Djinni Conjurer began the quest for the Orb.
     0 | D:1      | Reached XP level 1. HP: 15/15 MP: 0/0
   280 | D:1      | Found a faded altar of an unknown god.
   342 | D:1      | Reached XP level 2. HP: 19/21 MP: 0/0
  1233 | D:2      | Noticed Sigmund
  1311 | D:2      | Reached skill level 1 in Fighting
  1311 | D:2      | Reached XP level 3. HP: 12/27 MP: 0/0
  1311 | D:2      | Learned a level 1 spell: Freeze
  1527 | D:2      | Reached XP level 4. HP: 28/32 MP: 0/0
  1611 | D:2      | Noticed Terence
  2454 | D:3      | Noticed Natasha
  2533 | D:3      | Killed Natasha
  2658 | D:3      | Noticed Natasha
  2661 | D:3      | Killed Natasha
  2662 | D:3      | Reached XP level 5. HP: 33/38 MP: 0/0
  2662 | D:3      | Learned a level 2 spell: Ensorcelled Hibernation
  3234 | D:3      | Noticed Natasha
  3239 | D:3      | Killed Natasha
  3311 | D:4      | Noticed an ogre
  3740 | D:2      | Killed Terence
  3976 | D:4      | Found a hide-covered altar of Uskayaw.
  3976 | D:4      | Noticed Duvessa
  3976 | D:4      | Noticed Dowan
  3976 | D:4      | Noticed a phantom
  3976 | D:4      | Noticed a black bear
  4109 | D:2      | Killed Sigmund
  4110 | D:2      | Reached skill level 5 in Spellcasting
  4110 | D:2      | Reached XP level 6. HP: 23/45 MP: 0/0
  4438 | D:4      | Noticed a necrophage
  4449 | D:4      | Killed a necrophage
  4450 | D:4      | Reached XP level 7. HP: 43/50 MP: 0/0
  4450 | D:4      | Learned a level 2 spell: Corpse Rot
  4514 | D:4      | Reached skill level 1 in Armour
  5194 | D:3      | Upgraded the game from 0.27-a0-901-g8736458 to
                  | 0.27-a0-902-g22995d6
  5713 | D:4      | Killed Duvessa
  5714 | D:4      | Reached skill level 5 in Dodging
  5714 | D:4      | Reached XP level 8. HP: 47/58 MP: 0/0
  5779 | D:4      | Killed Dowan
  5993 | D:4      | Found a staircase to the Ecumenical Temple.
  6000 | Temple   | Entered the Ecumenical Temple
  6116 | Temple   | Became a worshipper of Makhleb the Destroyer
  6207 | D:4      | Found a glowing golden altar of the Shining One.
  6216 | D:4      | Found a shadowy altar of Dithmenos.
  6219 | D:4      | Found a sacrificial altar of Ru.
  6371 | D:4      | Found a hazy altar of Hepliaklqana.
  6672 | D:5      | Entered Level 5 of the Dungeon
  6731 | D:5      | Found a sand-covered staircase.
  6738 | Ossuary  | Entered an ossuary
  7012 | Ossuary  | Reached * piety under Makhleb
  7609 | Ossuary  | Reached skill level 1 in Invocations
  7940 | D:5      | Noticed Prince Ribbit
  7950 | D:5      | Killed Prince Ribbit
  7951 | D:5      | Reached skill level 1 in Long Blades
  8058 | D:5      | Noticed Blork the orc
  8065 | D:5      | Killed Blork the orc
  8228 | D:5      | Noticed an angel
  8229 | D:5      | Found a glowing silver altar of Zin.
  8302 | D:5      | Noticed Menkaure
  8306 | D:5      | Killed Menkaure
  8307 | D:5      | Reached XP level 9. HP: 59/63 MP: 0/0
  8307 | D:5      | Learned a level 3 spell: Vampiric Draining
  8813 | D:5      | Reached skill level 5 in Fighting
  9102 | D:6      | Noticed Edmund
  9457 | D:6      | Reached ** piety under Makhleb
 10405 | D:6      | You are sucked into a shaft and drop 2 floors!
 10477 | D:8      | Identified a scroll of acquirement
 10479 | D:8      | Acquired a +1 longbow of freezing
 10560 | D:7      | Identified the +6 tower shield of the Sun {Rampage Str-4
                  | Int+2}
 11404 | D:7      | Found Aleuqi's Magic Scroll Boutique.
 11531 | D:7      | Found a broken altar of Ashenzari.
 12118 | D:8      | Found Poem's Distillery.
 12552 | D:8      | Noticed Gastronok
 12583 | D:8      | Killed Gastronok
 12584 | D:8      | Reached skill level 5 in Armour
 12584 | D:8      | Reached XP level 10. HP: 14/73 MP: 0/0
 12585 | D:8      | HP: 3/73 [wight/+0 scimitar (12)]
 13498 | D:9      | Noticed a two-headed ogre
 13520 | D:9      | Killed a two-headed ogre
 13521 | D:9      | Reached skill level 5 in Invocations
 13676 | D:9      | Identified the Handbook of Mutagenic Beguiling
 13815 | D:9      | Found a snail-covered altar of Cheibriados.
 13909 | D:10     | Entered Level 10 of the Dungeon
 13986 | D:10     | Reached XP level 11. HP: 74/78 MP: 0/0
 13986 | D:10     | Learned a level 4 spell: Airstrike
 14019 | D:10     | Noticed Psyche
 14466 | D:10     | Found a staircase to the Orcish Mines.
 14498 | D:10     | Reached *** piety under Makhleb
 14775 | D:10     | Killed Psyche
 14952 | D:10     | Found an iron altar of Okawaru.
 14986 | D:10     | Found a staircase to the Lair.
 15042 | D:10     | Found a sparkling altar of Nemelex Xobeh.
 15289 | Lair:1   | Entered Level 1 of the Lair of Beasts
 15481 | Lair:1   | Noticed Joseph
 15487 | Lair:1   | Killed Joseph
 15862 | Lair:1   | Identified the +1 ring mail of Submission {Dex+3}
 15877 | Lair:1   | You are sucked into a shaft and drop 1 floor!
 16302 | Lair:2   | Acquired an amulet of regeneration
 16335 | Lair:2   | Found a staircase to the Snake Pit.
 16384 | Lair:2   | Reached XP level 12. HP: 64/87 MP: 0/0
 16492 | Lair:2   | Reached **** piety under Makhleb
 16509 | Lair:2   | Reached skill level 10 in Spellcasting
 17071 | Lair:3   | Noticed an eight-headed hydra
 17081 | Lair:3   | Killed an eight-headed hydra
 17143 | Lair:3   | Reached skill level 10 in Dodging
 17285 | Lair:3   | Found a staircase to the Shoals.
 17332 | Lair:3   | Found a frozen archway.
 17336 | Lair:3   | Reached ***** piety under Makhleb
 17354 | IceCv    | Entered an ice cave
 17410 | IceCv    | Identified the +2 leather armour "Zoitwigg" {Will+ Slay+2}
 17599 | IceCv    | Reached XP level 13. HP: 82/94 MP: 0/0
 17599 | IceCv    | Learned a level 5 spell: Agony
 17731 | IceCv    | Identified Nigunegi's Lost Secrets of Thaumaturgy
 18800 | Lair:4   | Noticed Snorg
 19111 | Lair:5   | Noticed Nessos
 19114 | Lair:5   | Reached skill level 10 in Fighting
 19118 | Lair:6   | Entered Level 6 of the Lair of Beasts
 19356 | Lair:6   | Found a viscous altar of Jiyva.
 19356 | Lair:6   | Found a staircase to the Slime Pits.
 19423 | Lair:6   | Upgraded the game from 0.27-a0-902-g22995d6 to
                  | 0.27-a0-906-g0a00ce8
 19768 | Lair:6   | Reached skill level 1 in Shields
 19800 | Lair:6   | Reached XP level 14. HP: 95/103 MP: 0/0
 19822 | Lair:6   | Identified the +5 ring mail of Fashionability {+Blink}
 19878 | Lair:6   | Reached skill level 1 in Evocations
 20185 | Lair:6   | Identified the Tome of Darkness and Transmutation
 20334 | Lair:6   | Found the +2 hood of the Assassin {Detection Stab+ Stlth++}
 20586 | Lair:4   | Killed Snorg
 20666 | Lair:4   | Reached ****** piety under Makhleb
 20670 | Lair:4   | Reached skill level 10 in Invocations
 21168 | D:5      | Killed Edmund
 21290 | Orc:1    | Entered Level 1 of the Orcish Mines
 21506 | Orc:2    | Entered Level 2 of the Orcish Mines
 21576 | Orc:2    | Found Doinoh's Magic Scroll Shop.
 21577 | Orc:2    | Noticed a stone giant
 21677 | Orc:2    | Reached skill level 5 in Long Blades
 21687 | Orc:2    | Killed a stone giant
 21695 | Orc:2    | Reached XP level 15. HP: 110/110 MP: 0/0
 21695 | Orc:2    | Learned a level 6 spell: Conjure Ball Lightning
 21721 | Orc:2    | Found Qasay's Assorted Antiques.
 21724 | Orc:2    | Found Nyos's Antique Armour Shoppe.
 21724 | Orc:2    | Found Efromuz's Antique Weapon Emporium.
 21755 | Orc:2    | Bought a scroll of acquirement for 832 gold pieces
 21755 | Orc:2    | Acquired a +0 demon blade of draining
 21897 | Orc:2    | Found a staircase to the Elven Halls.
 22920 | D:11     | Found a runed translucent door.
 22952 | D:11     | Found an ornate altar of the Wu Jian Council.
 23144 | D:11     | Found a runed translucent door.
 23355 | D:12     | Reached skill level 10 in Armour
 23966 | D:12     | Found the +3 warlock's mirror {reflect}
 24269 | D:13     | Found a flagged portal.
 24278 | Bailey   | Entered a bailey
 25120 | D:14     | Acquired a manual of Long Blades
 25168 | D:14     | Reached skill level 5 in Shields
 25292 | D:14     | Identified the +7 flail of Spite {flame, +Blink rElec
                  | rPois}
 25563 | D:14     | Found a gate to the Vaults.
 25685 | D:14     | Reached XP level 16. HP: 118/118 MP: 0/0
 25797 | D:14     | Found a bloodstained altar of Trog.
 26039 | D:15     | Entered Level 15 of the Dungeon
 26582 | D:15     | Found a staircase to the Depths.
 27999 | Snake:1  | Entered Level 1 of the Snake Pit
 28825 | Snake:1  | Noticed Aizul
 28837 | Snake:1  | Killed Aizul
 28838 | Snake:1  | Reached XP level 17. HP: 108/126 MP: 0/0
 28838 | Snake:1  | Learned a level 6 spell: Freezing Cloud
 29442 | Snake:2  | Reached skill level 10 in Long Blades
 29492 | Snake:2  | Noticed Vashnia
 29528 | Snake:2  | Killed Vashnia
 29933 | Snake:2  | Noticed Nikola
 29953 | Snake:2  | Killed Nikola
 30254 | Snake:3  | Found a shimmering altar of Xom.
 30298 | Snake:3  | Found Ylullen's Book Shop.
 30298 | Snake:3  | Found Vacw's Assorted Antiques.
 30314 | Snake:3  | Bought a scroll of noise for 28 gold pieces
 31007 | Snake:4  | Entered Level 4 of the Snake Pit
 31318 | Snake:4  | Reached XP level 18. HP: 131/134 MP: 0/0
 31748 | Snake:4  | Reached skill level 10 in Shields
 31831 | Snake:4  | Reached skill level 15 in Spellcasting
 32041 | Snake:4  | Got a serpentine rune of Zot
 32817 | Shoals:1 | Entered Level 1 of the Shoals
 33053 | Shoals:1 | Found Apsehob's Armour Shoppe.
 34309 | Shoals:2 | Reached XP level 19. HP: 139/141 MP: 0/0
 34309 | Shoals:2 | Learned a level 7 spell: Summon Hydra
 35286 | Shoals:4 | Entered Level 4 of the Shoals
 35330 | Shoals:4 | Identified the +11 scimitar of Dung {elec, rF- rN+ Int+5
                  | Dex-5}
 35433 | Shoals:4 | Reached skill level 15 in Fighting
 35615 | Shoals:4 | Got a barnacled rune of Zot
 36876 | Lair:5   | Killed Nessos
 37327 | Lair:5   | Noticed Sonja
 37329 | Lair:5   | Killed Sonja
 37664 | Vaults:1 | Entered Level 1 of the Vaults
 38291 | Vaults:1 | Reached skill level 15 in Dodging
 38293 | Vaults:1 | Reached XP level 20. HP: 45/151 MP: 0/0
 38296 | Vaults:1 | HP: 3/151 [yaktaur captain/bolt (34)]
 40000 | Vaults:2 | HP: 7/151 [centaur warrior/arrow (17)]
 40463 | Vaults:2 | Found Joxacagu's Antique Weapon Emporium.
 40559 | Vaults:2 | Noticed Agnes
 40559 | Vaults:2 | Noticed Frederick
 40568 | Vaults:2 | Killed Agnes
 40578 | Vaults:2 | Killed Frederick
 40593 | Vaults:2 | Killed from afar by a purple draconian knight

Illustrated notes

Levels and vault maps discovered:
D:1:      nicolae_arrival_washed_ashore, layout_rooms,
          ebering_ecumenical_altar_webs
D:2:      layout_basic, hangedman_decor_push, uniq_sigmund, uniq_terence
D:3:      layout_basic, uniq_natasha
D:4:      layout_basic, eat_drink_and_be_merry_uskayaw, lemuel_crystal_altar,
          minmay_overflow_temple_star_quad, minmay_temple_entry_mini_moons,
          uniq_duvessa
D:5:      layout_cave_pods, zin_angel, nicolae_sif_muna_condensation,
          chequers_ossuary_entry_cave, kennysheep_generic_room_3,
          uniq_prince_ribbit1, uniq_menkaure, uniq_blork_the_orc
D:6:      layout_layer_cave, old_standard_altar, uniq_edmund
D:7:      layout_layer_cave, gammafunk_temple_overflow_statue, serial_shops,
          shop
D:8:      layout_cave_pools, serial_shops, shop_statue, uniq_gastronok
D:9:      layout_rooms, slow_altar_2
D:10:     layout_cave_pools, nemelex_diamond_rough_becter, okawaru_gym_becter,
          grunt_lair_entry_orc_guard_hut, item_on_display_a, uniq_psyche
D:11:     cheibrodos_histonic, layout_cave_pools,
          chequers_serial_rivers_micro_c, nicolae_wu_jian_wuxing_cycle
D:12:     layout_stronghold, st_stairs_3, minmay_protected_statue
D:13:     layout_loops_ring, enter_bailey_3
D:14:     layout_rooms, grunt_vaults_entry_tiered, minmay_misc_feat_square,
          columned_hall_lemuel, minmay_misc_feat_five, trog_three_pillars_becter
D:15:     hangedman_depths_entry_civil_slaughter, layout_cave_pods
Temple:   jpeg_temple_island
Lair:1:   layout_roguey, lemuel_another_geyser, uniq_joseph
Lair:2:   layout_cave_pods, minmay_snake_entry_six_corridors
Lair:3:   layout_loops_ring, minmay_shoals_entry_beasts,
          portal_ice_cave_entry_ice_beasts, beast_lair_carwin_2,
          minmay_lair_oklob_chamber
Lair:4:   layout_loops_ring, grunt_megastairs_5, serial_bayou_shore_b,
          lemuel_fruit_fields, uniq_snorg
Lair:5:   layout_regular_city, chequers_serial_rivers_large_b,
          grunt_megastairs_4, infiniplex_staircase_pool, uniq_sonja, uniq_nessos
Lair:6:   grunt_lair_end_beastmaster, layout_cave_pods, slime_altar_1,
          grunt_megastairs_3
Shoals:1: layout_shoals, serial_shops, shop
Shoals:2: layout_shoals
Shoals:3: layout_shoals
Shoals:4: shoals_end_grunt_garden, layout_shoals
Snake:1:  layout_gridlike, grunt_ministairs_11, drop_trap, uniq_aizul
Snake:2:  layout_grid_maze, uniq_nikola, uniq_vashnia
Snake:3:  layout_misc_corridors, basic_altar, grunt_megastairs_2,
          lemuel_fruit_tree, minmay_shoptagon
Snake:4:  snake_pit, layout_cave_town
Orc:1:    layout_caves, roderic_batcave
Orc:2:    st_orc_open, layout_caves, statue_in_the_mist_lemuel
Vaults:1: nicolae_vaults_twisting_passages, nicolae_vaults_ninety_degrees,
          vaults_mumra_lcd, nicolae_vaults_windows_and_doors_thing,
          hangedman_vaults_snaps, grunt_vaults_twisty,
          vaults_room_grunt_arrival_ludios, vaults_dpeg_doors,
          layout_vaults_big_room
Vaults:2: v_misc_16, vaults_room_boxed, hangedman_vaults_impose,
          ontoclasm_vaults_spin, minmay_crypt_entry_simple_walls,
          vaults_standard_mumra_x, sword_in_stone, ontoclasm_vaults_ring_large,
          ontoclasm_vaults_shuriken, v_alt_pattern_3, vaults_dpeg_diagonal,
          vaults_dpeg_cross, vaults_mumra_hex, layout_vaults_ring, serial_shops,
          shop

Skill      XL: |  1  2  3  4  5  6  7  8  9 10 11 12 13 14 15 16 17 18 19 20 |
---------------+-------------------------------------------------------------+-----
Spellcasting   | 4 5 6 7 8 9 10 11 13 14 15 16 | 16.5
Fighting       | 1 2 3 4 6 8 9 10 11 12 13 14 15 16 | 16.1
Dodging        | 3 4 5 6 7 8 9 10 11 12 13 14 15 | 15.5
Armour         | 2 3 5 7 8 9 10 | 10.0
Invocations    | 2 4 5 6 8 9 10 11 | 11.1
Long Blades    | 1 4 5 6 9 11 12 13 14 | 14.0
Shields        | 1 4 5 7 9 10 | 10.0
Evocations     | 3 |  3.8
Bows           | |  0.3
Stealth        | |  1.5

Action                   |  1- 3 |  4- 6 |  7- 9 | 10-12 | 13-15 | 16-18 | 19-21 || total
-------------------------+-------+-------+-------+-------+-------+-------+-------++-------
Melee: Long sword        |       |       |     6 |       |       |       |       ||     6
       Staff             |       |       |       |       |     1 |       |       ||     1
       Demon blade       |       |       |       |       |    18 |     8 |       ||    26
       Scimitar          |       |       |       |       |       |       |    40 ||    40
Throw: Dart              |       |       |     2 |       |       |       |       ||     2
 Cast: Magic Dart        |    48 |    40 |   104 |    17 |       |       |       ||   209
       Searing Ray       |     2 |    10 |    81 |    55 |     5 |       |       ||   153
       Fulminant Prism   |       |     3 |    21 |    15 |    15 |     7 |       ||    61
       Iskenderun's Myst |       |       |     5 |    79 |   198 |   192 |   107 ||   581
       Vampiric Draining |       |       |    14 |       |       |       |       ||    14
       Airstrike         |       |       |       |   146 |   553 |   800 |   466 ||  1965
       Corpse Rot        |       |       |       |     4 |     8 |       |       ||    12
       Agony             |       |       |       |       |     5 |     4 |       ||     9
       Dazzling Flash    |       |       |       |       |     1 |       |       ||     1
       Conjure Ball Ligh |       |       |       |       |     5 |     6 |     1 ||    12
       Freezing Cloud    |       |       |       |       |       |    33 |    29 ||    62
       Summon Hydra      |       |       |       |       |       |       |     2 ||     2
  Use: Potion            |       |     2 |     3 |     1 |       |     1 |     2 ||     9
       Scroll            |       |       |    10 |     4 |    11 |     6 |     2 ||    33
Armor: Robe              |     1 |     2 |    24 |       |       |       |       ||    27
       Leather armour    |       |       |     8 |    11 |     7 |       |       ||    26
       Ring mail         |       |       |       |       |    24 |    38 |    31 ||    93
Dodge: Dodged            |       |     3 |   102 |    33 |    98 |   121 |   106 ||   463
Block: Buckler           |       |       |       |       |    17 |    77 |    54 ||   148
       Reflection        |       |       |       |       |    12 |    45 |    25 ||    82
       Rpst.: Long sword |       |       |    15 |     4 |       |       |       ||    19
       Demon blade       |       |       |       |       |     6 |     2 |       ||     8
       Scimitar          |       |       |       |       |       |       |    10 ||    10

Table legend: (Time is in decaauts)
 A = Elapsed time spent in this place.
 B = Non-inter-level travel time spent in this place.
 C = Inter-level travel time spent in this place.
 D = Time resting spent in this place.
 E = Time spent auto-exploring this place.
 F = Levels seen in this place.
 G = Mean time per level.
                   A        B        C        D        E       F      G
               +--------+--------+--------+--------+--------+-----+--------+
         Total |  40648 |  37745 |   2903 |   9955 |  19874 |  37 | 1098.6 |
       Dungeon |  19966 |  18130 |   1836 |   6022 |   8990 |  15 | 1331.1 |
        Temple |    151 |    117 |     34 |      0 |    100 |   1 |  151.0 |
          Lair |   6322 |   5760 |    562 |    726 |   3772 |   6 | 1053.7 |
        Shoals |   3605 |   3492 |    113 |    607 |   1988 |   4 |  901.2 |
     Snake Pit |   4769 |   4558 |    211 |    976 |   2422 |   4 | 1192.2 |
  Orcish Mines |   1352 |   1236 |    116 |     70 |    868 |   2 |  676.0 |
        Vaults |   2922 |   2893 |     29 |    866 |   1509 |   2 | 1461.0 |
       Ossuary |    961 |    961 |      0 |    435 |    225 |   1 |  961.0 |
        Bailey |    169 |    169 |      0 |     26 |      0 |   1 |  169.0 |
      Ice Cave |    425 |    425 |      0 |    227 |      0 |   1 |  425.0 |
               +--------+--------+--------+--------+--------+-----+--------+

Top non-repeatable levels by time:
     D:3: 3023 daAuts
Vaults:1: 1836 daAuts
     D:5: 1711 daAuts
     D:6: 1643 daAuts
 Snake:4: 1609 daAuts
  Lair:6: 1423 daAuts
     D:7: 1359 daAuts
 Snake:1: 1347 daAuts
     D:2: 1340 daAuts
    D:14: 1257 daAuts
     D:9: 1234 daAuts
    D:10: 1233 daAuts
    D:15: 1168 daAuts
     D:1: 1147 daAuts
  Lair:3: 1088 daAuts
